Map: Site Delta LE

Players

chestnutcc - Winner!

  • Race: Protoss Protoss
  • League: Diamond
  • Spawn Location: 5:00

Feared

  • Race: Terran Terran
  • League: Diamond
  • Spawn Location: 11:00

VOD

Have the link to the VOD?

Description

Time

  • Played on: Oct. 8, 2023, 6:33 a.m.
  • Length: 13:55
Show
View Real Time Build Order
Export as new Build Order

chestnutcc Protoss - Winner!

Build Orders: Blink Stalkers, Chargelot Immortal 

Get SALT Encoding   

  12  0:00  Probe  
  13  0:12  Probe  
  14  0:22  Pylon  
  14  0:25  Probe  
  15  0:40  Gateway, Probe (Chrono Boost)  
  17  0:51  Assimilator, Probe (Chrono Boost)  
  17  0:56  Probe (Chrono Boost)  
  17  1:02  Assimilator  
  18  1:06  Probe  
  19  1:18  Probe  
  20  1:29  Cybernetics Core  
  20  1:30  Zealot (Chrono Boost), Probe  
  23  1:45  Pylon  
  23  2:03  Probe  
  23  2:07  Stalker (Chrono Boost)  
  24  2:14  Twilight Council  
  24  2:15  Probe  
  27  2:27  Probe  
  28  2:32  Shield Battery, Stalker  
  30  2:39  Probe  
  31  3:03  Nexus  
  29  3:07  Stalker  
  31  3:13  Shield Battery  
  31  3:14  Blink (Chrono Boost)  
  30  3:41  Probe  
  30  3:48  Gateway  
  30  3:51  Warp Gate (Chrono Boost), Stalker  
  30  3:52  Gateway  
  30  3:53  Probe  
  29  4:05  Probe  
  30  4:16  Robotics Facility, Probe (Chrono Boost)  
  31  4:18  Probe (Chrono Boost)  
  32  4:26  Probe (Chrono Boost)  
  32  4:27  Probe (Chrono Boost)  
  34  4:31  Probe (Chrono Boost)  
  34  4:36  Probe  
  36  4:39  Stalker  
  36  4:40  Stalker x2  
  42  4:48  Probe  
  43  4:58  Probe  
  44  5:01  Probe  
  44  5:02  Immortal  
  43  5:09  Pylon  
  45  5:15  Probe  
  46  5:27  Probe  
  46  5:28  Pylon, Probe  
  48  5:36  Stalker x2  
  48  5:37  Stalker  
  48  5:41  Pylon, Charge  
  54  5:44  Pylon  
  50  6:06  Probe  
  45  6:27  Immortal (Chrono Boost)  
  45  6:28  Stalker x3  
  55  6:34  Probe x2  
  55  6:38  Assimilator  
  57  6:40  Assimilator  
  57  6:42  Gateway  
  57  6:43  Gateway  
  57  6:46  Probe x2, Pylon  
  59  6:52  Gateway x2  
  59  6:57  Zealot x3  
  59  7:00  Immortal (Chrono Boost)  
  69  7:01  Probe  
  69  7:04  Probe  
  71  7:13  Probe  
  72  7:16  Probe  
  73  7:23  Stalker  
  73  7:24  Stalker x2  
  73  7:26  Probe  
  79  7:34  Warp Prism (Chrono Boost)  
  73  7:59  Probe  
  73  8:00  Probe  
  73  8:05  Stalker x4  
  81  8:06  Stalker  
  81  8:11  Pylon  
  85  8:14  Nexus  
  85  8:17  Pylon  
  85  8:32  Immortal  
  89  8:38  Forge  
  83  8:50  Zealot x4  
  83  8:51  Zealot  
  73  9:14  Probe  
  73  9:15  Immortal  
  76  9:19  Robotics Facility  
  76  9:23  Shield Battery  
  76  9:26  Zealot  
  76  9:28  Protoss Ground Weapons Level 1 (Chrono Boost)  
  76  9:29  Probe (Chrono Boost)  
  79  9:36  Probe x2 (Chrono Boost)  
  79  9:38  Shield Battery  
  83  9:47  Probe x2 (Chrono Boost)  
  83  9:48  Probe (Chrono Boost)  
  83  9:52  Probe x2 (Chrono Boost)  
  84  9:53  Probe (Chrono Boost)  
  87  10:02  Probe (Chrono Boost), Pylon  
  87  10:05  Zealot x2  
  94  10:07  Probe (Chrono Boost)  
  94  10:11  Probe (Chrono Boost)  
  94  10:12  Stargate, Probe (Chrono Boost)  
  95  10:14  Stargate  
  95  10:16  Probe (Chrono Boost)  
  95  10:17  Probe (Chrono Boost)  
  97  10:33  Probe x2  
  97  10:34  Immortal x2  
  107  10:37  Robotics Facility  
  105  10:48  Zealot x4  
  103  10:57  Probe  
  103  11:00  Zealot x3  
  103  11:03  Assimilator  
  102  11:07  Assimilator  
  102  11:14  Fleet Beacon  
  102  11:16  Probe x3  
  102  11:17  Stargate  
  105  11:19  Pylon  
  105  11:24  Observer  
  105  11:25  Warp Prism  
  108  11:35  Warp Prism  
  110  11:46  Stalker x2  
  110  11:47  Stalker x3  
  118  11:55  Zealot  
  118  11:56  Zealot  
  117  12:13  Tempest  
  116  12:19  Immortal x2  
  118  12:34  Zealot x4  
  118  12:35  Zealot x3  
  130  12:43  Shield Battery  
  130  12:47  Shield Battery  
  130  12:49  Pylon  
  130  13:03  Zealot x5  
  130  13:04  Zealot x2  
  119  13:17  Probe x2  
  121  13:25  Stalker x3  
  121  13:26  Stalker x2  
  123  13:30  Nexus  
  123  13:33  Pylon  
  117  13:52  Zealot x4  
Show
View Real Time Build Order
Export as new Build Order

Feared Terran 

Build Orders: 2 Factory 

Get SALT Encoding   

  12  0:00  SCV  
  13  0:12  SCV  
  14  0:18  Supply Depot  
  14  0:24  SCV  
  15  0:39  SCV  
  15  0:42  Barracks  
  16  0:46  Refinery  
  16  0:51  SCV  
  16  0:55  Refinery  
  17  1:03  Supply Depot  
  17  1:08  SCV  
  18  1:29  Orbital Command  
  18  1:40  Factory  
  18  1:45  Barracks Reactor  
  18  1:54  SCV  
  19  2:02  Supply Depot  
  19  2:15  SCV  
  20  2:21  Reaper  
  22  2:27  SCV  
  22  2:35  Factory  
  22  2:39  SCV  
  21  2:51  SCV  
  21  2:53  Marine  
  23  3:02  Cyclone  
  25  3:05  SCV  
  25  3:12  Marine  
  25  3:18  SCV  
  25  3:23  Supply Depot  
  25  3:29  Factory Reactor  
  25  3:35  Cyclone, SCV  
  25  3:37  Factory Reactor  
  28  3:47  SCV  
  25  3:53  Marine  
  24  3:59  SCV  
  24  4:11  SCV  
  24  4:13  Factory Reactor, Marine  
  24  4:16  Cyclone x2  
  30  4:17  Command Center  
  30  4:23  SCV  
  31  4:35  SCV  
  30  4:43  Marine  
  30  4:48  Cyclone x2, SCV  
  30  4:49  Cyclone  
  35  5:07  SCV  
  38  5:08  Barracks Reactor  
  38  5:15  Supply Depot  
  38  5:19  Cyclone, SCV  
  38  5:20  Cyclone  
  41  5:23  Cyclone  
  43  5:32  SCV  
  43  5:34  Orbital Command  
  44  5:44  SCV  
  45  5:52  Cyclone  
  45  5:56  Cyclone, SCV  
  48  6:03  SCV  
  44  6:04  Cyclone  
  44  6:08  SCV  
  45  6:19  Marine  
  45  6:23  Barracks  
  42  6:36  Cyclone  
  42  6:39  Cyclone x2, SCV  
  49  6:42  SCV  
  49  6:44  Factory  
  49  6:46  Refinery  
  50  6:49  Supply Depot  
  50  6:51  SCV  
  51  6:59  SCV  
  52  7:03  SCV  
  53  7:08  Cyclone  
  53  7:10  Armory  
  53  7:11  Factory  
  53  7:14  Cyclone x2  
  59  7:16  SCV  
  59  7:17  SCV  
  61  7:28  Factory Reactor  
  61  7:31  SCV  
  61  7:32  SCV  
  61  7:33  Barracks Reactor  
  59  7:46  Cyclone  
  59  7:47  Cyclone  
  54  8:01  Factory Tech Lab  
  54  8:03  SCV x2  
  54  8:05  Cyclone x2  
  60  8:14  Marine  
  60  8:15  Marine, SCV, Supply Depot  
  60  8:16  Command Center  
  60  8:19  SCV  
  64  8:21  Supply Depot  
  64  8:26  Siege Tank, Armory, Hurricane Engines  
  67  8:27  Supply Depot  
  67  8:28  Cyclone x2  
  67  8:30  Armory  
  67  8:31  SCV  
  72  8:35  SCV  
  72  8:36  Refinery  
  72  8:38  Marine  
  72  8:40  Marine  
  75  8:43  SCV  
  75  8:47  SCV  
  68  8:55  SCV  
  68  9:00  Cyclone  
  49  9:12  Siege Tank, Cyclone x2  
  49  9:13  Marine x2  
  58  9:20  SCV  
  59  9:27  SCV  
  60  9:33  SCV  
  60  9:36  Orbital Command  
  60  9:38  Marine  
  61  9:39  SCV  
  61  9:41  Marine  
  61  9:45  SCV  
  65  9:51  Cyclone  
  67  9:59  Terran Vehicle And Ship Armor Level 1  
  67  10:01  Orbital Command  
  67  10:03  Terran Vehicle Weapons Level 1  
  67  10:04  Marine  
  68  10:16  Siege Tank, Cyclone  
  68  10:18  Hellion  
  75  10:22  Hellion  
  75  10:27  SCV  
  75  10:28  SCV x2  
  79  10:32  Marine  
  79  10:33  Marine  
  82  10:39  SCV  
  82  10:41  SCV  
  81  10:46  SCV  
  75  11:05  SCV x2  
  75  11:09  Siege Tank, Cyclone x3  
  75  11:10  Cyclone  
  88  11:12  SCV  
  88  11:17  SCV x2  
  91  11:23  Factory  
  91  11:24  Infernal Pre-Igniter, SCV  
  92  11:28  Factory  
  92  11:29  SCV  
  93  11:39  SCV  
  93  11:41  Hellion x2, Cyclone, Marine  
  93  11:42  Hellion, Marine  
  103  11:49  Supply Depot  
  103  11:51  Supply Depot  
  103  11:54  Supply Depot  
  103  11:55  SCV  
  103  11:56  SCV  
  103  11:59  Hellion  
  107  12:02  Siege Tank, Cyclone  
  112  12:13  Marine  
  112  12:15  Hellion, Cyclone x2  
  115  12:29  Marine  
  107  12:30  Factory Tech Lab  
  107  12:31  Marine  
  102  12:42  Hellion, Siege Tank, Cyclone x2  
  109  12:47  Hellion, Cyclone, SCV, Marine  
  109  12:48  SCV  
  109  12:49  SCV  
  117  12:59  SCV  
  117  13:00  SCV  
  117  13:01  SCV  
  102  13:09  Hellion, Siege Tank, Cyclone  
  102  13:11  Marine  
  92  13:14  Hellion  
  92  13:19  Marine  
  82  13:25  Factory Reactor  
  79  13:29  SCV  
  79  13:30  SCV  
Tags
 
Add a new tag
Caveats
  • Supply blocks, unpowered buildings, or Contaminate may cause inaccurate times.
  • Supply counts are checked every 10 seconds.